 Dungeon Crawl Stone Soup version 0.27-a0-909-g0721f309d1 (webtiles) character file.

Game seed: 4574405838118770098

56 kae the Ruffian (level 3, -1/28 HPs)
             Began as a Demonspawn Gladiator on Apr 8, 2021.
             Slain by an orc
             ... wielding a +2 vorpal mace
              (8 damage)
             ... on level 3 of the Dungeon.
             The game lasted 00:01:01 (2800 turns).

kae the Ruffian (Demonspawn Gladiator)              Turns: 2800, Time: 00:01:02

Health: -1/28      AC:  4    Str: 15    XL:     3   Next: 71%
Magic:  3/3        EV: 12    Int:  9    God:
Gold:   27         SH:  0    Dex: 14    Spells: 2/2 levels left

rFire    . . .     SeeInvis .     - Unarmed
rCold    . . .     Faith    .   (no shield)
rNeg     . . .     Spirit   .   a - +0 leather armour
rPois    .         Reflect  .   b - +0 helmet
rElec    .         Harm     .   k - scarf {shadows}
rCorr    .         Rampage  .   (no gloves)
Will     .....                  (no boots)
Stlth    +.........             (no amulet)
HPRegen  0.09/turn              (no ring)
MPRegen  0.08/turn              (no ring)

@: no status effects
A: ignite blood 1
a: no special abilities


You were on level 3 of the Dungeon.
You visited 1 branch of the dungeon, and saw 3 of its levels.

You collected 27 gold pieces.

Inventory:

Missiles
 c - 3 throwing nets (quivered)
Armour
 a - a +0 leather armour (worn)
 b - a +0 helmet (worn)
 k - a scarf of shadows (worn)
Jewellery
 n - an amulet of faith
Scrolls
 o - a scroll of amnesia
Potions
 e - 5 potions of curing
 h - 2 potions of brilliance {unknown}
 j - a potion of attraction {unknown}


   Skills:
 + Level 2.6 Fighting
 - Level 1.7 Throwing
 + Level 3.1 Dodging
 * Level 3.6 Unarmed Combat


You had 2 spell levels left.
You didn't know any spells.
Your spell library was empty.

Dungeon Overview and Level Annotations

Branches:
Dungeon (3/15)

Altars:


Innate Abilities, Weirdness & Mutations

Your demonic aura sometimes causes spilled blood to erupt in flames


Message History

Done exploring.
Done exploring.
(D) Dungeon
Where to? (Enter - D:2, ? - help)
There is a stone staircase leading up here.
You see here a +0 dagger.
There is a stone staircase leading down here.
You climb downwards.
There is a stone staircase leading up here.
Found a club.
An orc comes into view. It is wielding a +2 vorpal mace.
An orc is nearby!
An orc is nearby!
A bat comes into view.
The orc shouts!
The bat hits you. The orc barely misses you.
You hit the orc.
The orc is moderately wounded.
The bat hits you but does no damage. The orc barely misses you.
You hit the orc.
The orc is heavily wounded.
The bat barely misses you. x2; The orc hits you with a +2 vorpal mace!
You are too injured to fight recklessly!
You are too injured to fight recklessly!
You are too injured to fight recklessly!
You are too injured to fight recklessly!
You are too injured to fight recklessly!
You are too injured to fight recklessly!
You are too injured to fight recklessly!
You hit the orc.
The orc is severely wounded.
The bat barely misses you. The orc closely misses you.
You closely miss the orc.
The orc is severely wounded.
The bat hits you. The orc hits you with a +2 vorpal mace!
* * * LOW HITPOINT WARNING * * *
You closely miss the orc.
The orc is severely wounded.
The bat closely misses you. The orc hits you with a +2 vorpal mace!
You die...

.......#.#
.........#
.........#
.........
........
......o######
.....b@#.....
.............
##'###.#.....
# #.#.....
#.# .... #.#
.... #.# ...
#.# #.#


You could see an orc and a bat.

Vanquished Creatures
  An adder (D:2)
  2 worms (D:2)
  3 endoplasms
  3 giant cockroaches
  5 goblins
  6 hobgoblins
  2 ball pythons
  5 bats
  2 frilled lizards (D:1)
  5 kobolds
  5 rats (D:1)
39 creatures vanquished.

Notes
Turn   | Place    | Note
-------+----------+-------------------------------------------
     0 | D:1      | kae the Demonspawn Gladiator began the quest for the Orb.
     0 | D:1      | Reached XP level 1. HP: 16/16 MP: 1/1
   185 | D:1      | Gained mutation: Your demonic aura sometimes causes spilled
                  | blood to erupt in flames [demonic ancestry]
   185 | D:1      | Reached XP level 2. HP: 11/22 MP: 2/2
   483 | D:1      | Found a faded altar of an unknown god.
   683 | D:1      | You fall into a shaft and drop 1 floor!
  1655 | D:1      | Reached XP level 3. HP: 28/28 MP: 3/3
  2800 | D:3      | Slain by an orc

Illustrated notes

Levels and vault maps discovered:
D:1:      amcnicky_arrival_flooded_fountain, layout_basic,
          basic_ecumenical_altar, hex_tiny
D:2:      layout_rooms, serial_rivers, chequers_serial_rivers_small_3,
          chequers_serial_rivers_room_a, chequers_serial_rivers_micro_a,
          chequers_serial_rivers_micro_c, chequers_serial_rivers_large_b,
          hangedman_decor_growths, hangedman_decor_clover_reticule
D:3:      cheibrodos_helix_gallery, layout_basic, lemuel_round_altar

Skill      XL: |  1  2 |
---------------+-------+-----
Unarmed Combat | 3 |  3.6
Dodging        | 3 |  3.1
Fighting       | |  2.6
Throwing       | |  1.7

Action                   || total
-------------------------++-------
Melee: Unarmed           ||   163
       Punch             ||     1
  Use: Scroll            ||     7
Armor: Leather armour    ||    38
Dodge: Dodged            ||    98

Table legend: (Time is in decaauts)
 A = Elapsed time spent in this place.
 B = Non-inter-level travel time spent in this place.
 C = Inter-level travel time spent in this place.
 D = Time resting spent in this place.
 E = Time spent auto-exploring this place.
 F = Levels seen in this place.
 G = Mean time per level.
                   A        B        C        D        E       F      G
               +--------+--------+--------+--------+--------+-----+--------+
         Total |   2821 |   2784 |     37 |    647 |   1809 |   3 |  940.3 |
       Dungeon |   2821 |   2784 |     37 |    647 |   1809 |   3 |  940.3 |
               +--------+--------+--------+--------+--------+-----+--------+

Top non-repeatable levels by time:
     D:2: 1552 daAuts
     D:1: 1163 daAuts
     D:3: 105 daAuts
